 Dungeon Crawl Stone Soup version 0.30.1-4-g462c640d31 (webtiles) character file.

Game seed: 1992415732296799039

514 Wiggles the Chopper (level 7, -1/61 HPs)
             Began as a Minotaur Berserker on Aug 23, 2023.
             Was a Priest of Trog.
             Slain by a worm (10 damage)
             ... in a sewer.
             The game lasted 00:05:27 (3260 turns).

Wiggles the Chopper (Minotaur Berserker)            Turns: 3260, Time: 00:05:28

Health: -1/61      AC: -5    Str: 24    XL:     7   Next: 0%
Magic:  6/6        EV: 12    Int:  4    God:    Trog [***...]
Gold:   204        SH:  0    Dex: 15    Spells: 6/6 levels left

rFire   . . .        j - +0 war axe
rCold   . . .        (no shield)
rNeg    . . .        d - +0 ring mail
rPois   .            (helmet restricted)
rElec   .            (no cloak)
rCorr   .            (no gloves)
SInv    .            (no boots)
Will    .....        (no amulet)
Stlth   +            k - +6 ring of dexterity
HPRegen 0.30/turn    (no ring)
MPRegen 0.10/turn

%: no passive effects
@: corroded, very slow
A: horns 2, retaliatory headbutt
a: Renounce Religion, Berserk, Trog's Hand


You were in a sewer.
You worshipped Trog.
Trog was most pleased with you.
You visited 1 branch of the dungeon, and saw 4 of its levels.
You also visited: Sewer.

You collected 204 gold pieces.

Inventory:

Hand Weapons
 j - a +0 war axe (weapon)
Armour
 d - a +0 ring mail (worn)
Jewellery
 k - a +6 ring of dexterity (left hand)
Scrolls
 b - 2 scrolls of blinking {unknown}
 i - 3 scrolls of teleportation {unknown}
 n - a scroll of enchant weapon {unknown}
 o - a scroll of noise {unknown}
Potions
 a - 2 potions of haste
 c - 2 potions of heal wounds {unknown}
 e - 2 potions of degeneration {unknown}
 f - a potion of curing {unknown}
 g - a potion of attraction {unknown}
 h - a potion of cancellation {unknown}
 l - a potion of ambrosia {unknown}
 m - 2 potions of magic {unknown}


   Skills:
 + Level 5.2 Fighting
 + Level 6.8 Axes
 + Level 4.4 Armour
 + Level 3.7 Dodging
 + Level 1.0 Stealth


You had 6 spell levels left.
You didn't know any spells.
Your spell library was empty.

Dungeon Overview and Level Annotations

Branches:
Dungeon (4/15)              Sewer (1/1)
 Temple: D:4-7

Altars:
Gozag
Trog
Wu Jian
Zin


Innate Abilities, Weirdness & Mutations

You have a pair of horns on your head.
You reflexively headbutt those who attack you in melee.


Message History

Your unstable footing causes you to fumble your attack.
The endoplasm freezes you.
You are frozen.
Your unstable footing causes you to fumble your attack.
The endoplasm barely misses you. You furiously retaliate!
You headbutt the endoplasm.
You kill the endoplasm!
Trog accepts your kill.
You have reached level 7!
A jelly is nearby!
A worm comes into view.
The endoplasm quivers.
A frilled lizard comes into view.
The endoplasm barely misses you.
You barely miss the jelly. You slash the endoplasm!
You kill the endoplasm!
Trog accepts your kill.
You hit the worm. The jelly hits you. The acid corrodes you!
You are splashed with acid!
You hit the worm.
You headbutt the worm, but do no damage.
The worm is moderately wounded.
You hit the jelly. The acid corrodes you!
Your hands burn!
The jelly hits you.
You are splashed with acid!
The worm barely misses you. You furiously retaliate!
You headbutt the worm.
You are too injured to fight recklessly!
You are too injured to fight recklessly!
You hit the jelly.
Your hands burn!
The jelly is heavily wounded.
You barely miss the worm. The jelly hits you. The acid corrodes you!
You are splashed with acid.
The worm bites you.
Your unstable footing causes you to fumble your attack.
The jelly closely misses you. The frilled lizard bites you.
* * * LOW HITPOINT WARNING * * *
The jelly hits you.
* * * LOW HITPOINT WARNING * * *
You are splashed with acid!
* * * LOW HITPOINT WARNING * * *
The worm bites you!
You die...

#~~.# ##.~~## #
#.~~###....#
#~~..~~.~##
###~~~.~.##
##########
###~.....~##
#......~.~
#.~.~~.~.~##
#.~~......
~.~~.~.#~†~##
#..#######
~~##~~.##~~S##..##.†#
~ #..~. ##@J~~..##~~#
#~.#.
#lw.~.###.~#######
#~~## #.~####
#...~..... #.r ~.~#
#......~.. ## ~.~#
########## ~~.## .~##
#.~


You could see a worm, a jelly, a ball python and a frilled lizard.

Vanquished Creatures
  The ghost of Stellion the Conjurer, an amateur OpCj (D:3)
  A bullfrog (D:3)
  2 orc priests
  Jessica (D:3)
  4 orc wizards
  3 adders
  3 river rats
  2 ufetubi (D:4)
  4 worms
  11 dart slugs
  10 orcs
  8 ball pythons
  2 bats
  9 endoplasms
  6 giant cockroaches
  3 goblins
  5 hobgoblins
  6 jackals
  2 quokkas
  7 frilled lizards
  4 kobolds
  9 rats
103 creatures vanquished.

Notes
Turn   | Place    | Note
-------+----------+-------------------------------------------
     0 | D:1      | Wiggles the Minotaur Berserker began the quest for the Orb.
     0 | D:1      | Reached XP level 1. HP: 19/19 MP: 0/0
    31 | D:1      | Reached XP level 2. HP: 27/27 MP: 1/1
    32 | D:1      | Reached skill level 4 in Axes
   328 | D:1      | Reached XP level 3. HP: 33/33 MP: 2/2
   677 | D:2      | Found a bloodstained altar of Trog.
   714 | D:2      | Reached ** piety under Trog
   955 | D:2      | Reached XP level 4. HP: 36/41 MP: 3/3
  1660 | D:3      | Noticed Jessica
  1665 | D:3      | Reached skill level 5 in Axes
  1713 | D:3      | Killed Jessica
  1714 | D:3      | Reached XP level 5. HP: 47/47 MP: 4/4
  2061 | D:3      | Found a glowing silver altar of Zin.
  2115 | D:3      | Found a runed translucent gate.
  2115 | D:3      | Found a runed translucent gate.
  2115 | D:3      | Found a runed translucent gate.
  2115 | D:3      | Noticed Stellion's ghost (amateur OpCj)
  2139 | D:3      | Killed Stellion's ghost
  2140 | D:3      | Reached skill level 6 in Axes
  2140 | D:3      | Reached XP level 6. HP: 55/55 MP: 5/5
  2183 | D:3      | Identified the +10 dagger of Rotation {freeze, *Rage
                  | Fragile rElec rN+++}
  2217 | D:3      | Found an opulent altar of Gozag.
  2289 | D:3      | Reached skill level 5 in Fighting
  2603 | D:3      | Found an ornate altar of the Wu Jian Council.
  2683 | D:4      | Reached *** piety under Trog
  2998 | D:4      | Found a glowing drain.
  3010 | D:4      | Reached skill level 1 in Stealth
  3015 | Sewer    | Entered a sewer
  3241 | Sewer    | Reached XP level 7. HP: 54/61 MP: 6/6
  3260 | Sewer    | Slain by a worm

Illustrated notes

Levels and vault maps discovered:
D:1:      minmay_arrival_glassed_features, layout_basic
D:2:      layout_basic, basic_altar
D:3:      kennysheep_slugbush, layout_loops_ring, zin_academy,
          mainiacjoe_overflow_catch_the_wave, ebering_ghost_rock_garden,
          grunt_decor_one_mirror, uniq_jessica
D:4:      layout_loops_ring, mainiacjoe_overflow_two_lobes,
          portal_sewer_entry_e, nicolae_nh_ransacked_shop
Sewer:    sewer_hellmonk_slimy_pipes

Skill      XL: |  1  2  3  4  5  6 |
---------------+-------------------+-----
Axes           | 4 5 6 |  6.8
Fighting       | 4 5 |  5.2
Armour         | 3 4 |  4.4
Dodging        | 3 |  3.7
Stealth        | 1 |  1.0

Action                     |  1- 3 |  4- 6 |  7- 9 || total
---------------------------+-------+-------+-------++-------
  Melee: Hand axe          |    38 |    20 |       ||    58
         Headbutt          |     6 |    18 |     1 ||    25
         War axe           |       |   163 |     4 ||   167
         Punch             |       |     3 |       ||     3
 Invoke: Berserk           |     1 |     3 |       ||     4
   Stab: Sleeping          |     1 |       |       ||     1
 Armour: Animal skin       |     6 |       |       ||     6
         Ring mail         |     7 |    70 |       ||    77
  Dodge: Dodged            |    32 |    91 |     3 ||   126
